 Dungeon Crawl Stone Soup version 0.25-a0-583-g696c2ac64d (webtiles) character file.

Game seed: 14021251701054662905, levelgen mode: deterministic

277 An17 the Sneak (level 6, -1/33 HPs)
             Began as a Vampire Enchanter on Mar 8, 2020.
             Was an Initiate of Ashenzari.
             Hit by a boomerang thrown by a goblin (3 damage)
             ... led by Robin
             ... on level 3 of the Dungeon.
             The game lasted 00:07:47 (2155 turns).

An17 the Sneak (Vampire Enchanter)                  Turns: 2155, Time: 00:07:47

Health: -1/33      AC:  3    Str:  8    XL:     6   Next: 4%
Magic:  1/9        EV: 13    Int: 18    God:    Ashenzari [......]
Gold:   101        SH:  0    Dex: 15    Spells: 4/10 levels left

rFire    . . .     SeeInvis +   a - +1 dagger
rCold    + + .     Gourm    .   (no shield)
rNeg     + + +     Faith    .   b - +0 robe
rPois    ∞         Spirit   .   (no helmet)
rElec    .         Reflect  .   (no cloak)
rCorr    .         Harm     .   (no gloves)
MR       .....                  h - +0 pair of boots
Stlth    ++++++....             (no amulet)
HPRegen  0.00/turn              (no ring)
MPRegen  0.11/turn              (no ring)

@: about to teleport, bloodless
A: no food, fangs 3, see invisible, unbreathing
a: Bat Form, Revivify, Curse Item, Renounce Religion


You were on level 3 of the Dungeon.
You worshipped Ashenzari.
Ashenzari was noncommittal.
You were bloodless.

You visited 1 branch of the dungeon, and saw 3 of its levels.

You collected 101 gold pieces.

Inventory:

Hand Weapons
 a - a +1 dagger (weapon)
 g - a cursed +2 scythe of flaming
Missiles
 i - 14 poisoned darts (quivered)
Armour
 b - a +0 robe (worn)
 e - a +0 plate armour
 f - a +0 ring mail
 h - a +0 pair of boots (worn)


   Skills:
 + Level 0.8 Fighting
 + Level 2.2 Short Blades
 + Level 3.3 Dodging
 + Level 7.5 Stealth
 + Level 2.5 Spellcasting
 + Level 5.5 Hexes
 + Level 1.1 Ice Magic


You had 4 spell levels left.
You knew the following spells:

 Your Spells              Type           Power        Failure   Level  Hunger
a - Corona                Hex            ###....      1%          1    N/A
b - Ensorcelled Hibernat  Hex/Ice        ##....       7%          2    N/A
c - Tukima's Dance        Hex            ###.....     5%          3    N/A

Your spell library contained the following spells:

 Spells                   Type           Power        Failure   Level  Hunger
 Confusing Touch          Hex            ###.....     5%          3    N/A
 Dazzling Flash           Conj/Hex       ##....       17%         3    N/A

Dungeon Overview and Level Annotations

Branches:
Dungeon (3/15)

Altars:
Ashenzari

Annotations:
D:3 Robin


Innate Abilities, Weirdness & Mutations

You do not eat.
You do not regenerate when monsters are visible.
You are frail without blood (-20% HP).
You can heal yourself when you bite living creatures.
You are immune to poison.
You have razor-sharp teeth.
You have supernaturally acute eyesight. (SInv)
You can survive without breathing.


Message History

You hit the goblin.
The goblin is heavily wounded.
The goblin no longer looks unusually strong.
The goblin barely misses you.
You hit the goblin.
The goblin is severely wounded.
The goblin closely misses you.
Robin roars a battlecry!
The goblin goes into a battle-frenzy!
The goblin hits you.
* * * LOW HITPOINT WARNING * * *
Okay, then.
You aren't carrying any potions.
As you read the scroll of teleportation, it crumbles to dust.
You feel strangely unstable. The goblin barely misses you. x2
You hit the goblin.
You kill the goblin!
The goblin closely misses you.
The goblin throws a boomerang.
The boomerang hits you.
You die...

..#.................%........
...#..........................
...........g........).....g....
....#........gg.g.....#........
....####...g#####...#.....#....
## #...g..g##..g...#......%
#....##g##...#.....#....
#....##.###....###......
#######@# #....# ####... #.#
###### #... ..# #### ####


You could see Robin and a goblin.

Vanquished Creatures
  Sigmund (D:3)
  2 adders
  2 worms
  A dart slug (D:1)
  2 leopard geckos (D:2)
  2 orcs (D:3)
  13 bats
  2 giant cockroaches
  15 goblins
  9 hobgoblins
  2 jackals (D:1)
  11 kobolds
  A ball python (D:3)
  6 frilled lizards
  6 rats
75 creatures vanquished.

Notes
Turn   | Place    | Note
-------+----------+-------------------------------------------
     0 | D:1      | An17 the Vampire Enchanter began the quest for the Orb.
     0 | D:1      | Reached XP level 1. HP: 13/13 MP: 3/3
    86 | D:1      | Reached XP level 2. HP: 7/19 MP: 5/5
    90 | D:1      | Learned a level 2 spell: Ensorcelled Hibernation
   122 | D:1      | Reached skill level 5 in Hexes
   625 | D:1      | Reached skill level 5 in Stealth
   660 | D:1      | Reached XP level 3. HP: 20/24 MP: 6/6
   665 | D:1      | Learned a level 3 spell: Tukima's Dance
  1450 | D:3      | Noticed Robin
  1536 | D:2      | Reached skill level 6 in Stealth
  1536 | D:2      | Reached XP level 4. HP: 2/24 MP: 1/7
  1886 | D:3      | Noticed Sigmund
  1889 | D:3      | Killed Sigmund
  1889 | D:3      | Reached skill level 7 in Stealth
  1889 | D:3      | Reached skill level 1 in Ice Magic
  1889 | D:3      | Reached XP level 5. HP: 26/28 MP: 4/8
  1953 | D:3      | Found a shattered altar of Ashenzari.
  1966 | D:3      | Became a worshipper of Ashenzari the Shackled
  2095 | D:3      | Reached XP level 6. HP: 27/33 MP: 9/9
  2155 | D:3      | Hit by a boomerang thrown by a goblin

Levels and vault maps discovered:
D:1:      lemuel_arrival_river_ford, layout_basic
D:2:      layout_loops_cross, first_ration
D:3:      layout_basic, ashenzari_altar_1, hangedman_abyss_or_decor_stabs,
          minmay_misc_feat_five, uniq_crazy_yiuf_cottage, uniq_sigmund,
          uniq_robin

Skill      XL: |  1  2  3  4 |
---------------+-------------+-----
Hexes          | 5 |  5.5
Stealth        | 5 6 7 |  7.5
Short Blades   | 2 |  2.2
Dodging        | 3 |  3.3
Ice Magic      | 1 |  1.1
Fighting       | |  0.8
Spellcasting   | |  2.5

Action                   |  1- 3 |  4- 6 || total
-------------------------+-------+-------++-------
Melee: Dagger            |   155 |    69 ||   224
       Bite              |     8 |     4 ||    12
 Cast: Corona            |     1 |       ||     1
       Ensorcelled Hiber |     8 |    15 ||    23
Invok: Curse Item        |       |     1 ||     1
 Abil: Exsanguinate      |     1 |       ||     1
  Use: Scroll            |     5 |     3 ||     8
       Potion            |     2 |       ||     2
 Stab: Sleeping          |    26 |     9 ||    35
Armor: Robe              |    18 |    12 ||    30
Dodge: Dodged            |    99 |    57 ||   156

Table legend:
 A = Non-vault XP
 B = Vault XP
 C = Vault XP percentage of total XP
 D = Non-vault monster count
 E = Vault monster count
 F = Vault count percentage of total count
                 A         B        C        D         E       F
            +---------+---------+-------+---------+---------+-------
      Total |     135 |     261 |  65.9 |      63 |      12 |  16.0
            +---------+---------+-------+---------+---------+-------
        D:1 |      42 |       0 |   0.0 |      26 |       0 |   0.0
        D:2 |      54 |       0 |   0.0 |      23 |       0 |   0.0
        D:3 |      39 |     261 |  87.0 |      14 |      12 |  46.2
            +---------+---------+-------+---------+---------+-------
